 Dungeon Crawl Stone Soup version 0.25-a0-35-g747a2b3c0c (webtiles) character file.

Game seed: 9271214529952554201, levelgen mode: deterministic

626 Froggeryz the Cleaver (level 7, -2/63 HPs)
             Began as a Gnoll Wanderer on Oct 19, 2019.
             Succumbed to a water moccasin's poison
             ... on level 4 of the Dungeon.
             The game lasted 00:05:21 (2938 turns).

Froggeryz the Cleaver (Gnoll Wanderer)              Turns: 2938, Time: 00:05:21

Health: -2/63      AC:  6    Str: 18    XL:     7   Next: 47%
Magic:  10/10      EV: 11    Int: 12    God:
Gold:   138        SH:  0    Dex: 12    Spells: 10/10 levels left

rFire    . . .     SeeInvis .   a - +2 hand axe
rCold    . . .     Gourm    .   (no shield)
rNeg     . . .     Faith    .   n - +0 ring mail (curse)
rPois    .         Spirit   .   l - +0 helmet
rElec    .         Reflect  .   (no cloak)
rCorr    .         Harm     .   (no gloves)
MR       .....     Rnd*Tele +   (no boots)
Stlth    +.........             (no amulet)
HPRegen  0.20/turn              g - ring of teleportation (curse)
MPRegen  0.12/turn              k - -3 ring of dexterity (curse)

@: lethally poisoned (-2 -> -32)
A: distributed training, fangs 1, strong nose
a: no special abilities


You were on level 4 of the Dungeon.
You were hungry.

You visited 1 branch of the dungeon, and saw 4 of its levels.

You collected 138 gold pieces.

Inventory:

Hand Weapons
 a - a +2 hand axe (weapon)
 i - a +0 dagger of holy wrath
 j - a +3 spear
 o - a +0 war axe
 p - a +2 scythe of flaming
Missiles
 e - 39 sling bullets
Armour
 b - a +1 ring mail
 l - a +0 helmet (worn)
 n - a cursed +0 ring mail (worn)
Jewellery
 g - a cursed ring of teleportation (left hand)
 k - a cursed -3 ring of dexterity (right hand)
 q - an uncursed ring of protection from cold {unknown}
 t - a cursed amulet of inaccuracy {unknown}
Wands
 h - a wand of flame (20)
Scrolls
 c - 3 scrolls of teleportation
 f - 7 scrolls of identify
 m - 3 scrolls of amnesia
Comestibles
 d - 6 rations


   Skills:
 + Level 8.9 Fighting
 + Level 2.4 Short Blades
 + Level 2.4 Long Blades
 + Level 8.9 Axes
 + Level 2.4 Maces & Flails
 + Level 2.4 Polearms
 + Level 2.4 Staves
 + Level 2.4 Slings
 + Level 2.4 Bows
 + Level 2.4 Crossbows
 + Level 2.4 Throwing
 + Level 2.4 Armour
 + Level 2.4 Dodging
 + Level 2.4 Stealth
 + Level 3.6 Shields
 + Level 2.4 Unarmed Combat
 + Level 2.4 Spellcasting
 + Level 2.0 Conjurations
 + Level 2.0 Hexes
 + Level 2.0 Charms
 + Level 2.0 Summonings
 + Level 2.0 Necromancy
 + Level 2.0 Translocations
 + Level 2.0 Transmutations
 + Level 2.0 Fire Magic
 + Level 2.0 Ice Magic
 + Level 2.0 Air Magic
 + Level 2.0 Earth Magic
 + Level 2.0 Poison Magic
 + Level 2.7 Invocations
 + Level 3.6 Evocations


You had 10 spell levels left.
You didn't know any spells.
Your spell library was empty.

Dungeon Overview and Level Annotations

Branches:
Dungeon (4/15)
 Temple: D:4-7

Altars:
Gozag
Kikubaaqudgha
Qazlal
Wu Jian


Innate Abilities, Weirdness & Mutations

Your experience applies equally to all skills.
You have very sharp teeth.
Your uncanny sense of smell can sniff out nearby items.


Message History

Your Ice Magic skill increases to level 2!
Your Air Magic skill increases to level 2!
Your Earth Magic skill increases to level 2!
Your Poison Magic skill increases to level 2!
* * * LOW HITPOINT WARNING * * *
You feel very sick.
Unknown command.
You aren't carrying any potions.
As you read the scroll of teleportation, it crumbles to dust.
You feel strangely unstable.
* * * LOW HITPOINT WARNING * * *
You feel very sick.
* * * LOW HITPOINT WARNING * * *
You feel very sick.
Your surroundings suddenly seem different.
* * * LOW HITPOINT WARNING * * *
You feel very sick.
* * * LOW HITPOINT WARNING * * *
You feel very sick.
You die...

##### #...# #########
######.#.##### #........
#<.....#.....#######.#######
######.#....#.............#
........<#######@.#######.#
######.#....#.....#### #.#
######......#........####.# ###
#.......###.#..##.##......# #..
#.####.####....##.##.####.#####.#
#.....[....#.##.# #รท....#.#
#.#####.#..#.##.# #........ #.
#.#####.#..#.##.# ##.###.#.# #.
#.......[....##.###.........


There were no monsters in sight!

Vanquished Creatures
  Sigmund (D:2)
  A water moccasin (D:4)
  A hound (D:4)
  An orc priest (D:4)
  Natasha (thrice) (D:4)
  An iguana (D:4)
  2 orc wizards (D:4)
  Robin (D:3)
  A gnoll (D:4)
  5 adders
  An adder skeleton (D:3)
  2 worms
  2 dart slugs
  2 orcs
  4 bats
  4 giant cockroaches
  14 goblins
  7 hobgoblins (D:3)
  3 jackals (D:1)
  7 kobolds
  2 quokkas (D:3)
  2 ball pythons
  3 frilled lizards
  3 rats
73 creatures vanquished.

Notes
Turn   | Place    | Note
-------+----------+-------------------------------------------
     0 | D:1      | Froggeryz the Gnoll Wanderer began the quest for the Orb.
     0 | D:1      | Froggeryz set off with the following items: a +2 hand axe,
                  | a +0 ring mail, a scroll of teleportation, a ration
     0 | D:1      | Reached XP level 1. HP: 26/26 MP: 2/2
   301 | D:1      | Reached XP level 2. HP: 33/33 MP: 3/3
   653 | D:2      | Noticed Sigmund
   779 | D:3      | Reached XP level 3. HP: 38/38 MP: 4/4
   809 | D:3      | Found an ornate altar of the Wu Jian Council.
  1037 | D:3      | Reached skill level 1 in Invocations
  1095 | D:3      | Noticed Robin
  1141 | D:3      | Reached skill level 1 in Short Blades
  1141 | D:3      | Reached skill level 1 in Long Blades
  1141 | D:3      | Reached skill level 1 in Maces & Flails
  1141 | D:3      | Reached skill level 1 in Polearms
  1141 | D:3      | Reached skill level 1 in Staves
  1141 | D:3      | Reached skill level 1 in Slings
  1141 | D:3      | Reached skill level 1 in Bows
  1141 | D:3      | Reached skill level 1 in Crossbows
  1141 | D:3      | Reached skill level 1 in Throwing
  1141 | D:3      | Reached skill level 1 in Armour
  1141 | D:3      | Reached skill level 1 in Dodging
  1141 | D:3      | Reached skill level 1 in Stealth
  1141 | D:3      | Reached skill level 1 in Unarmed Combat
  1141 | D:3      | Reached skill level 1 in Spellcasting
  1147 | D:3      | Reached XP level 4. HP: 13/45 MP: 4/6
  1716 | D:3      | Killed Robin
  1824 | D:3      | Reached skill level 1 in Conjurations
  1824 | D:3      | Reached skill level 1 in Hexes
  1824 | D:3      | Reached skill level 1 in Charms
  1824 | D:3      | Reached skill level 1 in Summonings
  1824 | D:3      | Reached skill level 1 in Necromancy
  1824 | D:3      | Reached skill level 1 in Translocations
  1824 | D:3      | Reached skill level 1 in Transmutations
  1824 | D:3      | Reached skill level 1 in Fire Magic
  1824 | D:3      | Reached skill level 1 in Ice Magic
  1824 | D:3      | Reached skill level 1 in Air Magic
  1824 | D:3      | Reached skill level 1 in Earth Magic
  1824 | D:3      | Reached skill level 1 in Poison Magic
  2057 | D:2      | Found a stormy altar of Qazlal.
  2176 | D:2      | Killed Sigmund
  2176 | D:2      | Reached XP level 5. HP: 31/51 MP: 7/7
  2176 | D:2      | Reached XP level 6. HP: 35/57 MP: 8/8
  2347 | D:4      | Noticed Natasha
  2352 | D:4      | Killed Natasha
  2358 | D:4      | Found an opulent altar of Gozag.
  2404 | D:4      | Found an ancient bone altar of Kikubaaqudgha.
  2582 | D:4      | Noticed Natasha
  2599 | D:4      | Killed Natasha
  2658 | D:4      | Noticed Natasha
  2665 | D:4      | Killed Natasha
  2665 | D:4      | Reached XP level 7. HP: 56/63 MP: 10/10
  2937 | D:4      | HP: 1/63 [poisoned by a water moccasin]
  2938 | D:4      | Succumbed to a water moccasin's poison

Levels and vault maps discovered:
D:1:      dpeg_arrival_tiny_a, layout_loops_ring
D:2:      layout_rooms, grunt_qazlal_sundering, uniq_sigmund
D:3:      layout_loops_corners, marbit_many_paths, first_ration, uniq_robin
D:4:      minmay_wonky_spiral, layout_loops_ring, overflow_temple_1_default,
          grunt_gozag_statues, minmay_strange_pillars, grunt_ministairs_2,
          uniq_natasha

Skill      XL: |  1  2  3  4  5  6  7 |
---------------+----------------------+-----
Invocations    | 1 2 |  2.7
Short Blades   | 1 2 |  2.4
Long Blades    | 1 2 |  2.4
Maces & Flails | 1 2 |  2.4
Polearms       | 1 2 |  2.4
Staves         | 1 2 |  2.4
Slings         | 1 2 |  2.4
Bows           | 1 2 |  2.4
Crossbows      | 1 2 |  2.4
Throwing       | 1 2 |  2.4
Armour         | 1 2 |  2.4
Dodging        | 1 2 |  2.4
Stealth        | 1 2 |  2.4
Unarmed Combat | 1 2 |  2.4
Spellcasting   | 1 2 |  2.4
Conjurations   | 1 2 |  2.0
Hexes          | 1 2 |  2.0
Charms         | 1 2 |  2.0
Summonings     | 1 2 |  2.0
Necromancy     | 1 2 |  2.0
Translocations | 1 2 |  2.0
Transmutations | 1 2 |  2.0
Fire Magic     | 1 2 |  2.0
Ice Magic      | 1 2 |  2.0
Air Magic      | 1 2 |  2.0
Earth Magic    | 1 2 |  2.0
Poison Magic   | 1 2 |  2.0
Shields        | 3 |  3.6
Evocations     | 3 |  3.6
Fighting       | |  8.9
Axes           | |  8.9

Action                   |  1- 3 |  4- 6 |  7- 9 || total
-------------------------+-------+-------+-------++-------
Melee: Hand axe          |    89 |   115 |    35 ||   239
       Bite              |     3 |    11 |     3 ||    17
       Punch             |       |     1 |       ||     1
  Use: Scroll            |     4 |     1 |     1 ||     6
       Potion            |     2 |     2 |       ||     4
  Eat: Chunk             |     1 |     4 |     1 ||     6
Armor: Ring mail         |    34 |    40 |     7 ||    81
Dodge: Dodged            |    55 |    47 |    23 ||   125

Table legend:
 A = Non-vault XP
 B = Vault XP
 C = Vault XP percentage of total XP
 D = Non-vault monster count
 E = Vault monster count
 F = Vault count percentage of total count
                 A         B        C        D         E       F
            +---------+---------+-------+---------+---------+-------
      Total |     419 |     476 |  53.2 |      55 |      18 |  24.7
            +---------+---------+-------+---------+---------+-------
        D:1 |      21 |       0 |   0.0 |      13 |       0 |   0.0
        D:2 |      19 |     242 |  92.7 |       9 |       1 |  10.0
        D:3 |      84 |      39 |  31.7 |      23 |      14 |  37.8
        D:4 |     295 |     195 |  39.8 |      10 |       3 |  23.1
            +---------+---------+-------+---------+---------+-------
